 Dungeon Crawl Stone Soup version bcrawl-1.28.1b (webtiles) character file.

Game seed: 14024169173030652349

374562 Mehrunes the Agent of Entropy (level 11, 65/84 HPs)
             Began as a Demonspawn Abyssal Knight on July 24, 2020.
             Was a Priest of Lugonu.
             Quit the game on level 10 of the Dungeon on Dec 30, 2020.
             The game lasted 00:39:01 (9107 turns).

Mehrunes the Agent of Entropy (DsAK)                Turns: 9107, Time: 00:39:02

Health: 65/84      AC: 14    Str: 15    XL:     11   Next: 16%
Magic:  18/18      EV: 13    Int: 15    God:    Lugonu [***...]
Gold:   507        SH:  2    Dex: 12    Spells: 10/10 levels left

rFire    . . .     SeeInvis .   P - +0 long sword
rCold    . . .     Gourm    .   (no shield)
rNeg     . . .     Faith    .   D - +0 ring mail
rPois    .         Spirit   .   z - +0 helmet
rElec    .         Reflect  .   B - +2 cloak
rCorr    .         Harm     .   J - +1 pair of gauntlets of War {Slay+6}
MR       .....                  f - +0 pair of boots
Stlth    +.........             (no amulet)
HPRegen  0.24/turn              (no ring)
MPRegen  0.16/turn              (no ring)

@: studying Bows
A: claws 2, spiny 2
a: Depart the Abyss, Bend Space, Banish, Renounce Religion


You were on level 10 of the Dungeon.
You worshipped Lugonu.
Lugonu was most pleased with you.
You were not hungry.

You visited 1 branch of the dungeon, and saw 10 of its levels.
You visited the Abyss 1 time.

You collected 696 gold pieces.
You spent 189 gold pieces at shops.

Inventory:

Hand Weapons
 a - a +1 falchion
 b - a -1 scimitar
 o - a +0 dagger of venom
 P - a +0 long sword (weapon)
Missiles
 c - 10 tomahawks of dispersal {=f}
 d - 2774 stones (quivered)
 K - 173 poisoned needles
Armour
 f - a +0 pair of boots (worn)
 z - a +0 helmet (worn)
 B - a +2 cloak (worn)
 D - a +0 ring mail (worn)
 E - a +0 plate armour
 J - the +1 pair of gauntlets of War (worn) {Slay+6}
   (Lugonu gifted it to you on level 6 of the Dungeon)

   It affects your accuracy and damage with ranged weapons and melee attacks
   (+6).
Jewellery
 v - an uncursed ring of ice
Wands
 u - a wand of flame (19)
 C - a wand of scattershot (5)
 H - a wand of polymorph (9)
 M - a wand of disintegration (19)
Scrolls
 g - 2 scrolls of immolation
 j - a scroll of noise {unknown}
 p - 2 scrolls of enchant weapon {unknown}
 q - 3 scrolls of fear
 r - 4 scrolls of teleportation
 s - 4 scrolls of fog
 y - 3 scrolls of remove curse
 G - 4 scrolls of magic mapping
 I - a scroll of amnesia {unknown}
 L - a scroll of summoning {unknown}
 N - a scroll of acquirement {unknown}
Potions
 h - a potion of magic {unknown}
 i - 2 potions of ambrosia {unknown}
 k - a potion of degeneration {unknown}
 l - 3 potions of mutation
 m - 2 potions of heal wounds
 n - a potion of berserk rage {unknown}
 t - 3 potions of curing
 w - 2 potions of cancellation
 x - 2 potions of brilliance {unknown}
 A - 2 potions of agility
Books
 F - a manual of Bows
Comestibles
 e - 13 rations {!d}


   Skills:
 - Level 7.5 Fighting
 * Level 8.1 Long Blades
 - Level 0.8 Throwing
 + Level 6.8 Armour
 - Level 5.0 Dodging
 - Level 6.6 Unarmed Combat
 - Level 9.5 Invocations


You had 10 spell levels left.
You didn't know any spells.
Your spell library contained the following spells:

 Spells                   Type           Power        Failure   Level  Hunger
 Corona                   Hex            #......      43%         1    None
 Ensorcelled Hibernation  Hex/Ice        #.....       58%         2    ####...
 Shackle                  Hex            #.......     58%         2    ####...
 False Image              Hex/Summ       #.......     82%         3    #####..
 Inner Flame              Hex/Fire       N/A          82%         3    #####..
 Cause Fear               Hex            #.........   99%         4    ######.
 Yara's Violent Unravell  Hex/Tmut       #.........   99%         4    ######.
 Borgnjor's Vile Clutch   Necr/Erth      #.........   100%        6    #######
 Darkness                 Hex            #.........   100%        6    #######
 Infestation              Hex/Tmut/Pois  #........    100%        6    #######
 Shadow Creatures         Summ           N/A          100%        6    #######
 Time Stop                Chrm/Tloc      N/A          100%        8    #######


Dungeon Overview and Level Annotations

Branches:
Dungeon (10/12)            Temple (0/1) D:6            Lair (0/6) D:9
    Orc (0/1) D:8

Altars:
Cheibriados
Nemelex Xobeh
Sif Muna
Wu Jian

Shops:
D:8 (

Annotations:
D:8 2 runed translucent doors, p0wl's ghost, novice MiFi


Innate Abilities, Weirdness & Mutations

You have very sharp fingernails.
You are mostly covered in sharp spines.


Message History

Okay, then.
Save game and exit?
Welcome back, Mehrunes the Demonspawn Abyssal Knight.
Lugonu says: Spread carnage and corruption!
Press m to set your skill training.
Press ? for a list of commands and other information.
Saving game... please wait.
Welcome back, Mehrunes the Demonspawn Abyssal Knight.
Lugonu says: Spread carnage and corruption!
Press m to set your skill training.
Press ? for a list of commands and other information.
Unknown command.
Quiver which item? (- for none, * to show all) (? for menu, Esc to quit)
Okay, then.
Quiver which item? (- for none, * to show all) (? for menu, Esc to quit)
Okay, then.
Unknown command.
Unknown command.
Are you sure you want to abandon this character and quit the game? (Confirm with "yes".)
Okay, then.
Unknown command.
Are you sure you want to abandon this character and quit the game? (Confirm with "yes".)

.......J# #....# ###.....#
##'### #.....######.#
#.....#....#J#
#.>...#....#.#
#.....#....#.#
#######....#Z# #.....J.#
#....@#####
#####.#.......#
#...#.#...###.#####
#...#.#...##......########
#.........##..............
###.#.#...##......########
#.#.##......[...#
#.#.....#########
#.###########


You could see a very large slime creature and a centaur warrior zombie.

Vanquished Creatures
  Psyche (D:7)
  Prince Ribbit (D:7)
  4 slime creatures
  3 hippogriffs
  8 yaks
  A spriggan (D:8)
  A wyvern (D:4)
  3 wargs (D:9)
  A crocodile (D:6)
  2 black bears
  3 ice beasts
  An orc warrior (D:6)
  5 sky beasts
  4 phantoms
  An ogre (D:7)
  2 centaurs
  A big kobold (D:9)
  A bullfrog (D:5)
  A wyvern skeleton (D:9)
  4 scorpions
  6 killer bees (D:9)
  3 troll zombies (D:8)
  3 howler monkeys
  5 crimson imps
  A centaur zombie (D:9)
  A bullfrog zombie (D:4)
  2 orc priests
  6 hounds
  3 jellies
  13 orc wizards
  A bullfrog skeleton (D:8)
  An iguana (D:4)
  Jessica (D:10)
  6 worker ants
  5 ogre zombies (D:8)
  3 hound zombies
  2 worker ant zombies (D:6)
  Robin (D:3)
  7 adders
  A shadow imp (D:7)
  2 oozes
  2 adder skeletons
  4 worms
  2 dart slugs
  6 leopard geckos
  28 orcs
  2 giant cockroaches
  11 goblins
  9 hobgoblins
  8 jackals
  6 quokkas
  A ball python (D:1)
  3 bats
  6 frilled lizards
  4 goblin skeletons (D:8)
  2 goblin zombies (D:8)
  2 hobgoblin zombies (D:8)
  A jackal zombie (D:7)
  14 kobolds
  3 orc skeletons (D:8)
  12 orc zombies (D:8)
  11 rats
258 creatures vanquished.

Vanquished Creatures (others)
  A death knight (D:10)
  2 slime creatures
  An orc warrior (D:6)
4 creatures vanquished.

Grand Total: 262 creatures vanquished

Notes
Turn   | Place    | Note
-------+----------+-------------------------------------------
     0 | Abyss:1  | Mehrunes the Demonspawn Abyssal Knight began the quest for
                  | the Orb.
     0 | Abyss:1  | Reached XP level 1. HP: 18/18 MP: 2/2
    65 | Abyss:1  | Noticed a wretched star
    66 | D:1      | Escaped the Abyss
   614 | D:1      | Gained mutation: You are partially covered in sharp spines.
                  | [demonic ancestry]
   614 | D:1      | Reached XP level 2. HP: 24/24 MP: 4/4
   660 | D:1      | Reached * piety under Lugonu
  1294 | D:2      | Reached XP level 3. HP: 29/29 MP: 5/5
  1606 | D:2      | Reached ** piety under Lugonu
  1711 | D:2      | Gained mutation: You are mostly covered in sharp spines.
                  | [demonic ancestry]
  1711 | D:2      | Reached XP level 4. HP: 25/37 MP: 6/6
  2237 | D:3      | Reached skill level 1 in Dodging
  2237 | D:3      | Reached skill level 3 in Invocations
  2451 | D:3      | Reached XP level 5. HP: 28/43 MP: 7/7
  2897 | D:3      | Reached skill level 4 in Invocations
  2920 | D:3      | Noticed Robin
  2949 | D:3      | Killed Robin
  2967 | D:3      | Reached *** piety under Lugonu
  3527 | D:4      | Reached XP level 6. HP: 45/49 MP: 9/9
  3578 | D:4      | Reached skill level 5 in Invocations
  3653 | D:4      | Noticed a wyvern
  3815 | D:4      | Killed a wyvern
  3815 | D:4      | Reached skill level 6 in Invocations
  3815 | D:4      | Gained mutation: You have sharp fingernails. [demonic
                  | ancestry]
  3815 | D:4      | Reached XP level 7. HP: 37/55 MP: 11/11
  4004 | D:5      | Entered Level 5 of the Dungeon
  4044 | D:5      | Reached skill level 7 in Invocations
  4147 | D:5      | Reached skill level 8 in Invocations
  4247 | D:5      | Reached XP level 8. HP: 57/61 MP: 14/14
  4257 | D:5      | Reached skill level 9 in Invocations
  4341 | D:5      | Reached skill level 5 in Dodging
  4473 | D:5      | Reached skill level 5 in Fighting
  4588 | D:5      | Reached skill level 1 in Unarmed Combat
  4691 | D:6      | Reached **** piety under Lugonu
  4706 | D:6      | Received a gift from Lugonu
  4707 | D:6      | Found the +1 pair of gauntlets of War {Slay+6}
  5033 | D:6      | Reached XP level 9. HP: 69/69 MP: 16/16
  5257 | D:6      | Found a staircase to the Ecumenical Temple.
  5736 | D:7      | Found a sparkling altar of Nemelex Xobeh.
  6062 | D:7      | Noticed Prince Ribbit
  6194 | D:7      | Found a snail-covered altar of Cheibriados.
  6194 | D:7      | Found an ornate altar of the Wu Jian Council.
  6550 | D:8      | Found Zomuxeex's Antique Weapon Boutique.
  6550 | D:8      | Noticed Psyche
  6559 | D:7      | Killed Psyche
  6571 | D:7      | Killed Prince Ribbit
  6705 | D:8      | Gained mutation: You have very sharp fingernails. [demonic
                  | ancestry]
  6705 | D:8      | Reached XP level 10. HP: 70/79 MP: 17/17
  6723 | D:8      | Found a large runed translucent door.
  7006 | D:8      | Found a staircase to the Orcish Mines.
  7060 | D:7      | Reached skill level 5 in Armour
  7194 | D:8      | Reached skill level 5 in Long Blades
  7348 | D:8      | Bought a runed scimitar for 189 gold pieces
  7437 | D:8      | Found a large runed translucent door.
  7450 | D:8      | Noticed p0wl's ghost (novice MiFi)
  7797 | D:9      | Found a staircase to the Lair.
  8314 | D:9      | Reached XP level 11. HP: 61/84 MP: 18/18
  8536 | D:10     | Entered Level 10 of the Dungeon
  8614 | D:10     | Noticed Jessica
  8622 | D:10     | Killed Jessica
  8629 | D:10     | Found a shimmering blue altar of Sif Muna.
  8928 | D:10     | Noticed a death knight
  8985 | D:10     | Banished a death knight
  9107 | D:10     | Upgraded the game from bcrawl-1.27.1d to bcrawl-1.28.1b
  9107 | D:10     | Quit the game

Skill      XL: |  1  2  3  4  5  6  7  8  9 10 11 |
---------------+----------------------------------+-----
Long Blades    | 2 3 7 8 |  8.1
Armour         | 2 4 6 |  6.8
Fighting       | 4 5 7 |  7.5
Dodging        | 1 2 3 4 5 |  5.0
Invocations    | 3 4 6 8 9 |  9.5
Unarmed Combat | 2 6 |  6.6
Throwing       | |  0.8

Action                   |  1- 3 |  4- 6 |  7- 9 | 10-12 || total
-------------------------+-------+-------+-------+-------++-------
Melee: Falchion          |   108 |   113 |   209 |   104 ||   534
       Dagger            |    13 |     7 |       |       ||    20
       Unarmed           |       |       |     7 |       ||     7
       Long sword        |       |       |       |   150 ||   150
       Punch             |       |       |       |     4 ||     4
Invok: Depart the Abyss  |     1 |       |       |       ||     1
       Banish            |       |       |     1 |     7 ||     8
       Bend Space        |       |       |       |     3 ||     3
  Use: Scroll            |     2 |     4 |     3 |     3 ||    12
       Potion            |       |     1 |       |       ||     1
  Eat: Chunk             |     6 |    10 |    15 |     7 ||    38
       Ration            |       |       |       |     2 ||     2
Armor: Leather armour    |    26 |    19 |       |       ||    45
       Ring mail         |       |     6 |    71 |    84 ||   161
       Skin              |       |       |     1 |       ||     1
Dodge: Dodged            |    63 |    55 |   130 |   131 ||   379
Block: Other             |       |       |       |    11 ||    11
